 Dungeon Crawl Stone Soup version 0.16-a0-3389-g45633df (webtiles) character file.

9 4tharraofdagon the Vexing (level 2, 0/22 HPs)
             Began as a Formicid Arcane Marksman on Dec 30, 2014.
             Slain by a quokka (1 damage)
             ... on level 2 of the Dungeon.
             The game lasted 00:01:28 (548 turns).

4tharraofdagon the Vexing (Formicid Arcane Marksman) Turns: 548, Time: 00:01:28

Health: 0/22       AC:  2    Str: 15    XL:     2   Next: 25%
Magic:  4/4        EV: 12    Int: 12    God:
Gold:   24         SH:  0    Dex: 10    Spells: 1 memorised, 2 levels left

rFire  . . .     SeeInvis +     b - +0 hunting sling
rCold  . . .     Clarity  .     a - +0 robe
rNeg   . . .     SustAb   .     (no shield)
rPois  .         Gourm    .     (helmet unavailable)
rElec  .         Spirit   .     (no cloak)
rCorr  .         Warding  .     (no gloves)
rMut   .         Stasis   +     (no boots)
MR     .....                    (no amulet)
Stlth  +.........               (no ring)
                                (no ring)

@: not resistant to hostile enchantments, very unstealthy
A: permanent stasis, dig shafts and tunnels, four strong arms, antennae 3
a: Dig, Shaft Self


You were on level 2 of the Dungeon.
You were not hungry.

You visited 1 branch of the dungeon, and saw 2 of its levels.

You collected 24 gold pieces.

Inventory:

Hand weapons
 b - a +0 hunting sling (weapon)
Missiles
 c - 7 sling bullets (quivered)
Armour
 a - a +0 robe (worn)
Scrolls
 e - a scroll of noise {unknown}
 h - a scroll of enchant armour {unknown}
 i - a scroll of amnesia {unknown}
 j - 2 scrolls of remove curse {unknown}
Potions
 l - a potion of agility {unknown}
 m - a potion of haste {unknown}
Books
 d - a book of Debilitation

   Spells                             Type                      Level
   a - Corona                         Hexes                        1
   b - Slow                           Hexes                        2
   c - Inner Flame                    Hexes/Fire                   3
   d - Enslavement                    Hexes                        4
   e - Cause Fear                     Hexes                        4
   f - Leda's Liquefaction            Hexes/Earth                  4
Comestibles
 f - a bread ration
 g - a meat ration
 k - a slice of pizza


   Skills:
 * Level 2.1 Fighting
 - Level 2.1 Slings
 + Level 2.0 Dodging
 - Level 1.1 Spellcasting
 - Level 3.6 Hexes


You had 2 spell levels left.
You knew the following spells:

 Your Spells              Type           Power        Failure   Level  Hunger
a - Corona                Hex            #......      10%         1    ##.....


Dungeon Overview and Level Annotations

Branches:
Dungeon (2/15)

Altars:


Innate Abilities, Weirdness & Mutations

You are under a permanent stasis effect.
You can dig through walls and to a lower floor.
Your four strong arms can wield two-handed weapons with a shield.
You have a pair of large antennae on your head (SInv).


Message History

The sling bullet completely misses the bat.
The bat barely misses you. The bat closely misses you. The quokka bites you.
* * * LOW HITPOINT WARNING * * *
Firing (i - inventory):
c - 9 sling bullets (quivered)
Press: ? - help, Shift-Dir - straight line, f/p - bat
Aim: a bat You shoot a sling bullet.
The sling bullet hits the bat but does no damage.
The bat hits you but does no damage. The quokka bites you.
* * * LOW HITPOINT WARNING * * *
Firing (i - inventory):
c - 8 sling bullets (quivered)
Press: ? - help, Shift-Dir - straight line, f/p - bat
Aim: a bat You shoot a sling bullet.
The sling bullet hits the bat.
The bat is moderately wounded.
The bat hits you but does no damage. x2
The quokka bites you.
* * * LOW HITPOINT WARNING * * *
The quokka bites you.
You die...

#. #..##...........#
..#..###.##########{
#$#..............
#.##.###.########
#.............#
#...###.#.###.####.#
......................
#...####..###.####.##
#(.@r(....#
#.(b##(...#
##..#.....# ...#...# #
.#....... ..#..##.# ..
.... . ##.# #(.


You could see a quokka and a bat.

Vanquished Creatures
  A giant gecko (D:2)
  4 hobgoblins (D:1)
  3 bats (D:1)
  A giant newt (D:1)
  A goblin (D:1)
  A rat (D:1)
11 creatures vanquished.

Notes
Turn   | Place    | Note
--------------------------------------------------------------
     0 | D:1      | 4tharraofdagon, the Formicid Arcane Marksman, began the quest for the Orb.
     0 | D:1      | Reached XP level 1. HP: 15/15 MP: 2/2
   391 | D:1      | Reached XP level 2. HP: 12/22 MP: 4/4
   548 | D:2      | HP: 1/22 [quokka (1)]
   548 | D:2      | Slain by a quokka

Action                   || total
-------------------------++-------
 Fire: Hunting sling     ||    46
  Use: Potion            ||     2

Vault maps used:
D:1:      shiori_arrival_elements
D:2:      nicolae_gozag_seed_capital, nemelex_deck, uniq_sigmund
